 Dungeon Crawl Stone Soup version 0.31.0-11-ge490571c62 (webtiles) character file.

Game seed: 5795443739669002696

59 qw the Shooter (level 3, -6/18 HPs)
             Began as a Spriggan Hunter on Feb 4, 2024.
             Killed by divine providence
             ... invoked by an orc priest
              (14 damage)
             ... on level 2 of the Dungeon.
             The game lasted 00:00:05 (1319 turns).

qw the Shooter (Spriggan Hunter)                    Turns: 1319, Time: 00:00:05

Health: -6/18      AC:  2    Str:  7    XL:     3   Next: 78%
Magic:  4/4        EV: 20    Int: 10    God:
Gold:   93         SH:  0    Dex: 26    Spells: 2/2 levels left

rFire   . . .        a - +1 shortbow
rCold   . . .        (shield currently unavailable)
rNeg    . . .        c - +0 robe
rPois   .            (helmet restricted)
rElec   .            (no cloak)
rCorr   .            (gloves unavailable)
SInv    +            (boots unavailable)
Will    .....        (no amulet)
Stlth   ++           h - +6 ring of dexterity
HPRegen 0.23/turn    (no ring)
MPRegen 0.09/turn

%: no passive effects
@: very quick
A: very small, no large weapons, unfitting armour, see invisible, speed 3
a: no special abilities


You were on level 2 of the Dungeon.
You visited 1 branch of the dungeon, and saw 2 of its levels.

You collected 93 gold pieces.


Innate Abilities, Weirdness & Mutations

You are very small and have problems with some larger weapons.
You are too small for most types of armour.
You have supernaturally acute eyesight. (SInv)
You cover ground extremely quickly. (Speed+++)


   Skills:
 - Level 1.5 Fighting
 - Level 4.9 Ranged Weapons
 + Level 4.1 Dodging
 - Level 1.5 Stealth


You had 2 spell levels left.
You didn't know any spells.
Your spell library was empty.

Inventory:

Hand Weapons
 a - a +1 shortbow (weapon)
Armour
 c - a +0 robe (worn)
Jewellery
 h - a +6 ring of dexterity (left hand)
Wands
 g - a wand of digging (5)
Scrolls
 e - 2 scrolls of enchant armour

Dungeon Overview and Level Annotations

Branches:
Dungeon (2/15)

Altars:

Annotations:
D:2 Sigmund


Message History

As you read the scroll labelled MOUMEM QUSMY, it crumbles to dust.
You feel aware of your surroundings.
It was a scroll of revelation.
There are monsters nearby!
1299 ||| READING scroll labelled MEEDEGURHI.
As you read the scroll labelled MEEDEGURHI, it crumbles to dust.
It is a scroll of enchant weapon.
1299 ||| ENCHANTING +0 shortbow.
Your +0 shortbow glows red for a moment.
There are monsters nearby!
1300 ||| DROPPING potion of lignification.
You drop a potion of lignification.
There are monsters nearby!
There are monsters nearby!
Enter note:
Enter note:
Enter note:
Enter note:
Enter note:
Enter note:
Enter note:
Enter note: An orc comes into view. It is wielding a +0 falchion.
You shoot an arrow. The arrow hits the orc.
The orc is heavily wounded.
You shoot an arrow. The arrow hits the orc.
You kill the orc!
An orc comes into view. It is wielding a +0 mace.
The orc priest calls down the wrath of Beogh upon you.
Beogh smites you!
Ouch! That really hurt!
You shoot an arrow. The arrow hits the orc priest!
The orc priest is heavily wounded.
You shoot an arrow.
The arrow closely misses the orc priest.
You shoot an arrow.
The arrow hits the orc priest but does no damage.
The orc priest is heavily wounded.
The orc priest mumbles some strange prayers to Beogh against you.
Beogh smites you!
Ouch! That really hurt!
You die...

..###..............#
..##..#....#.......#
..#...#.##...#..####**
........###..#.....,,*
..#>..### #..#...#######****
....#.# ###.............,,,*
......# #...............,,,*
......# #...#...........,,,*
##..#####...#)..@.......,,,*
#..# #........#.......*,,*
##..# #....#...#o......*,,*
#...# #....#...#.o.....*,**
..#.####...##...#.......*,*
.##...##...##...#.......#,*
#####......####.#.......#,*
# #.....##.# ##.#.......#.##
#.##...#.# ##.##.....##.##


You could see an orc priest and an orc.

Vanquished Creatures
  2 dart slugs (D:1)
  2 ribbon worms (D:2)
  4 orcs (D:2)
  6 endoplasms
  2 giant cockroaches (D:1)
  5 goblins (D:2)
  4 hobgoblins
  6 kobolds
  3 ball pythons
  2 bats
  4 frilled lizards
  2 rats
42 creatures vanquished.

Notes
Turn   | Place    | Note
-------+----------+-------------------------------------------
     0 | D:1      | qw the Spriggan Hunter began the quest for the Orb.
     0 | D:1      | Reached XP level 1. HP: 10/10 MP: 2/2
     0 | D:1      | 0 ||| qw: Version: 0.3-a-160-g6735b56
     0 | D:1      | 0 ||| qw: Game counter: 4362
     0 | D:1      | 0 ||| qw: Melee chars always use a shield: true
     0 | D:1      | 0 ||| qw: God list: Okawaru
     0 | D:1      | 0 ||| qw: Allow faded altars: false
     0 | D:1      | 0 ||| qw: Do Orc after clearing Dungeon:15 true
     0 | D:1      | 0 ||| qw: Do second Lair branch before Depths: true
     0 | D:1      | 0 ||| qw: Lair rune preference: random
     0 | D:1      | 0 ||| qw: Goals: Normal
     0 | D:1      | 0 ||| PLANNING D:1-11
    52 | D:1      | Reached skill level 3 in Dodging
   232 | D:1      | Reached XP level 2. HP: 6/14 MP: 3/3
   329 | D:1      | Found a faded altar of an unknown god.
   684 | D:1      | 684 ||| READING scroll labelled PIZAAM PUA.
   684 | D:1      | 684 ||| IDENTIFYING scroll labelled YWNEDD XEIQ
   685 | D:1      | 685 ||| READING scroll labelled ZUUCEZAUSTO.
   686 | D:1      | 686 ||| DROPPING scroll of butterflies.
   791 | D:2      | Reached XP level 3. HP: 18/18 MP: 4/4
  1296 | D:2      | 1296 ||| UPGRADING to +6 ring of dexterity.
  1297 | D:2      | 1297 ||| READING scroll of identify.
  1297 | D:2      | 1297 ||| IDENTIFYING bubbling cyan potion
  1297 | D:2      | Noticed Sigmund
  1298 | D:2      | 1298 ||| READING scroll labelled MOUMEM QUSMY.
  1299 | D:2      | 1299 ||| READING scroll labelled MEEDEGURHI.
  1299 | D:2      | 1299 ||| ENCHANTING +0 shortbow.
  1300 | D:2      | 1300 ||| DROPPING potion of lignification.
  1319 | D:2      | Killed from afar by an orc priest

Levels and vault maps discovered:
D:1:      lemuel_arrival_lava_pool, layout_loops_ring,
          nicolae_ecumenical_snake_handling
D:2:      cheibrodos_pilgrimage, layout_rooms, guppyfry_early_orc_mine,
          uniq_sigmund

Skill      XL: |  1  2 |
---------------+-------+-----
Dodging        | 3 4 |  4.1
Fighting       | |  1.5
Ranged Weapons | |  4.9
Stealth        | |  1.5

Action                     || total
---------------------------++-------
   Fire: Shortbow          ||   123
    Use: Scroll            ||     5
 Armour: Robe              ||    14
  Dodge: Dodged            ||    40

Table legend:
 A = Non-vault XP
 B = Vault XP
 C = Vault XP percentage of total XP
 D = Non-vault monster count
 E = Vault monster count
 F = Vault count percentage of total count
                 A         B        C        D         E       F
            +---------+---------+-------+---------+---------+-------
      Total |      64 |      21 |  24.7 |      33 |       9 |  21.4
            +---------+---------+-------+---------+---------+-------
        D:1 |      30 |       1 |   3.2 |      15 |       1 |   6.2
        D:2 |      34 |      20 |  37.0 |      18 |       8 |  30.8
            +---------+---------+-------+---------+---------+-------
